 Dungeon Crawl Stone Soup version 0.19.5 (webtiles) character file.

273 Truffles the Charlatan (level 6, -4/48 HPs)
             Began as a Draconian Artificer on Mar 24, 2017.
             Was an Initiate of Vehumet.
             Slain by a wight
             ... wielding a +4 hand axe
              (8 damage)
             ... on level 6 of the Dungeon.
             The game lasted 00:18:12 (2635 turns).

Truffles the Charlatan (Draconian Artificer)        Turns: 2635, Time: 00:18:12

Health: -4/48      AC:  6    Str: 16    XL:     6   Next: 2%
Magic:  8/8        EV: 12    Int: 12    God:    Vehumet [......]
Gold:   106        SH:  0    Dex: 11    Spells: 0 memorised, 5 levels left

rFire  . . .     SeeInvis .     a - +0 short sword
rCold  . . .     Gourm    .     (armour unavailable)
rNeg   . . .     Faith    .     (no shield)
rPois  .         Spirit   .     (helmet restricted)
rElec  .         Reflect  .     (no cloak)
rCorr  .         Harm     .     (no gloves)
MR     .....                    (no boots)
Stlth  +.........               (no amulet)
                                (no ring)
                                (no ring)

@: heavily drained
A: unfitting armour, cold-blooded, AC +6
a: Renounce Religion


You were on level 6 of the Dungeon.
You worshipped Vehumet.
Vehumet was noncommittal.
You were very full.

You visited 2 branches of the dungeon, and saw 7 of its levels.

You collected 106 gold pieces.

Inventory:

Hand Weapons
 a - a +0 short sword (weapon)
 i - a +0 hunting sling
Wands
 b - a wand of flame (18/48)
 c - a wand of enslavement (11/24)
 d - a wand of random effects (10/48)
Scrolls
 f - a scroll of magic mapping
 g - a scroll of identify {unknown}
 k - a scroll of fog {unknown}
 l - a scroll of enchant armour
Potions
 e - a potion of resistance {unknown}
Comestibles
 h - 3 bread rations


   Skills:
 + Level 1.8(0.7) Fighting
 + Level 3.9(2.7) Short Blades
 + Level 3.4(2.2) Dodging
 + Level 1.5(0.4) Stealth
 + Level 3.9(2.7) Evocations


You had 5 spell levels left.
You didn't know any spells.

Dungeon Overview and Level Annotations

Branches:
Dungeon (6/15)             Temple (1/1) D:5

Altars:
Ashenzari
Cheibriados
Makhleb
Qazlal
Ru
Trog
Vehumet
Yredelemnul
Zin


Innate Abilities, Weirdness & Mutations

Your plain brown scales are hard. (AC +6)
You cannot fit into any form of body armour.
You are cold-blooded and may be slowed by cold attacks.


Message History

You tail-slap the wight, but do no damage.
The wight barely misses you.
You hit the wight.
Your tail-slap misses the wight.
The wight is lightly damaged.
The wight hits you with an enchanted hand axe!
You feel drained.
You hit the wight.
The wight is moderately damaged.
The wight hits you from afar with a trident.
You feel drained.
The wight hits you with an enchanted hand axe.
* * * LOW HITPOINT WARNING * * *
You barely miss the wight.
The wight is moderately damaged.
The wight hits you from afar with a trident!
* * * LOW HITPOINT WARNING * * *
You barely miss the wight.
The wight is moderately damaged.
The wight hits you with an enchanted hand axe!
You die...

...#.....#........
#...#.............
.................
#.............<..
#...............
#..#............ .
##..#.........)..
....####................
.....zz@................
##......................
##....#................
##...................
#...................
#...................
...#####.......... ....
##.....


You could see 2 wights.

Vanquished Creatures
  A howler monkey (D:4)
  2 crimson imps (D:5)
  An orc priest (D:4)
  A hound (D:5)
  An orc wizard (D:4)
  An adder (D:2)
  An adder zombie (D:6)
  4 worms
  2 dart slugs
  A leopard gecko (D:1)
  2 orcs
  2 giant cockroaches (D:1)
  5 goblins
  5 hobgoblins
  2 jackals (D:1)
  3 kobolds
  A ball python (D:1)
  7 bats
  A frilled lizard (D:1)
  4 rats
47 creatures vanquished.

Vanquished Creatures (collateral kills)
  A jackal (D:1)
1 creature vanquished.

Grand Total: 48 creatures vanquished

Notes
Turn   | Place    | Note
-------+----------+-------------------------------------------
     0 | D:1      | Truffles the Draconian Artificer began the quest for the Orb.
     0 | D:1      | Reached XP level 1. HP: 16/16 MP: 3/3
   300 | D:1      | Reached XP level 2. HP: 18/23 MP: 4/4
   930 | D:1      | Reached XP level 3. HP: 28/28 MP: 5/5
  1090 | D:2      | Found a basalt altar of Yredelemnul.
  1617 | D:4      | Found a snail-covered altar of Cheibriados.
  1623 | D:4      | Found a glowing silver altar of Zin.
  1713 | D:4      | Reached skill level 1 in Stealth
  1713 | D:4      | Reached XP level 4. HP: 27/35 MP: 6/6
  1905 | D:4      | Reached XP level 5. HP: 4/40 MP: 7/7
  2189 | D:5      | Entered Level 5 of the Dungeon
  2273 | D:5      | Found a staircase to the Ecumenical Temple.
  2331 | D:5      | Reached XP level 6. HP: 35/48 MP: 8/8
  2347 | Temple   | Entered the Ecumenical Temple
  2434 | Temple   | Became a worshipper of Vehumet
  2635 | D:6      | Slain by a wight

Skill      XL: |  1  2  3  4 |
---------------+-------------+-----
Dodging        | 2 3 |  3.4
Short Blades   | 2 3 |  3.9
Stealth        | 1 |  1.5
Fighting       | |  1.8
Evocations     | |  3.9

Action                   |  1- 3 |  4- 6 || total
-------------------------+-------+-------++-------
Melee: Short sword       |   171 |    93 ||   264
       Tailslap          |    21 |    11 ||    32
Evoke: Wand              |     9 |    12 ||    21
  Use: Potion            |     4 |       ||     4
       Scroll            |     4 |       ||     4
  Eat: Bread ration      |     1 |     1 ||     2
       Pizza             |       |     2 ||     2
Armor: Skin              |    78 |    34 ||   112
Dodge: Dodged            |   170 |    54 ||   224
